MWL (24 & UNDER)
BARRY'S BAY ORIOLES @ WISCONSIN RAPIDS RANGERS
09/25/2025
 
TOP OF THE 1ST
Barry's Bay Orioles batting - Pitching for Wisconsin Rapids Rangers : LHP Manuel Perea
Pitching: LHP Manuel Perea
Batting: SHB Walt Simmons 0-0: Ball
1-0: Swinging Strike
1-1: Swinging Strike
1-2: Ball
2-2: Ball
3-2: Base on Balls
Batting: LHB José Rodríguez 0-0: Ball
1-0: Ball
2-0: Called Strike
2-1: Ball
3-1: Base on Balls
Walt Simmons to second
Batting: RHB Jeremy Flemming 0-0: Swinging Strike
0-1: Ball
1-1: Foul Ball, location: 2F
1-2: Strikes out swinging
Batting: RHB Sergio Solíz 0-0: Ball
1-0: Swinging Strike
1-1: Foul Ball, location: 2F
1-2: Ball
2-2: Ball
3-2: Strikes out swinging
Batting: RHB Tommy Wilson 0-0: Ball
1-0: Fly out, F4 (Line Drive, 4)
Top of the 1st over - 0 run(s), 0 hit(s), 0 error(s), 2 left on base; Barry's Bay 0 - Wisconsin Rapids 0
BOTTOM OF THE 1ST
Wisconsin Rapids Rangers batting - Pitching for Barry's Bay Orioles : LHP Ben Turner
Pitching: LHP Ben Turner
Batting: RHB Troy Reed 0-0: Ball
1-0: Foul Ball, location: 2F
1-1: Swinging Strike
1-2: Ball
2-2: Strikes out swinging
Batting: RHB Andrés Bustamante 0-0: SINGLE (Groundball, 34D)
Batting: RHB Dick Slagboom 0-0: Called Strike
0-1: Ball
1-1: Swinging Strike
1-2: Strikes out swinging
Batting: SHB Ricardo Arévalo 0-0: Called Strike
0-1: Foul Ball, location: 2F
0-2: Strikes out swinging
Bottom of the 1st over - 0 run(s), 1 hit(s), 0 error(s), 1 left on base; Barry's Bay 0 - Wisconsin Rapids 0
TOP OF THE 2ND
Barry's Bay Orioles batting - Pitching for Wisconsin Rapids Rangers : LHP Manuel Perea
Batting: RHB Guy Morrison 0-0: Ball
1-0: Foul Ball, location: 2F
1-1: Foul Ball, location: 2F
1-2: Ball
2-2: Strikes out swinging
Batting: RHB Jesús Villalobos 0-0: Ball
1-0: SINGLE (Line Drive, 7S)
Pitching: RHP Carl Willis
Batting: LHB Howard Evans 0-0: Called Strike
Jesús Villalobos steals 2nd base
0-1: Ball
Wild Pitch!
Jesús Villalobos to third
Single, Error in OF, E9, batter to second base
Jesús Villalobos scores
Batting: LHB Carlos Romero 0-0: Ball
1-0: Ball
2-0: Called Strike
2-1: Foul Ball, location: 2F
2-2: Ball
3-2: Strikes out swinging
Batting: SHB Walt Simmons 0-0: Called Strike
0-1: Foul Ball, location: 2F
0-2: SINGLE (Groundball, 3L)
Howard Evans to third
Runner from 3rd tries for Home, SAFE, no throw or cutoff
Batting: LHB José Rodríguez 0-0: Ball
1-0: Ball
2-0: Ball
3-0: Called Strike
3-1: Foul Ball, location: 2F
3-2: Strikes out swinging
Top of the 2nd over - 2 run(s), 3 hit(s), 1 error(s), 1 left on base; Barry's Bay 2 - Wisconsin Rapids 0
BOTTOM OF THE 2ND
Wisconsin Rapids Rangers batting - Pitching for Barry's Bay Orioles : LHP Ben Turner
Batting: SHB José González 0-0: Ball
1-0: Foul Ball, location: 2F
1-1: Ground out 4-3 (Groundball, 4M)
Batting: RHB Juan García 0-0: Foul Ball, location: 2F
0-1: Ball
1-1: Ball
2-1: Foul Ball, location: 2F
2-2: Strikes out swinging
Batting: RHB Hunter Plunket 0-0: Ball
1-0: Called Strike
1-1: Called Strike
1-2: Ball
2-2: Foul Ball, location: 2F
2-2: Ball
3-2: Foul Ball, location: 2F
3-2: Foul Ball, location: 2F
3-2: Foul Ball, location: 2F
3-2: Ground out 6-3 (Groundball, 6)
Bottom of the 2nd over - 0 run(s), 0 hit(s), 0 error(s), 0 left on base; Barry's Bay 2 - Wisconsin Rapids 0
TOP OF THE 3RD
Barry's Bay Orioles batting - Pitching for Wisconsin Rapids Rangers : RHP Carl Willis
Batting: RHB Jeremy Flemming 0-0: Ball
1-0: Foul Ball, location: 2F
1-1: Ball
2-1: Ball
3-1: Ground out 6-3 (Groundball, 6)
Batting: RHB Sergio Solíz 0-0: Called Strike
0-1: Ball
1-1: Called Strike
1-2: Ball
2-2: SINGLE (Groundball, 56)
Batting: RHB Tommy Wilson 0-0: Fly out, F9 (Flyball, 89M)
Batting: RHB Guy Morrison 0-0: Ball
1-0: Swinging Strike
1-1: Swinging Strike
1-2: Strikes out swinging
Top of the 3rd over - 0 run(s), 1 hit(s), 0 error(s), 1 left on base; Barry's Bay 2 - Wisconsin Rapids 0
BOTTOM OF THE 3RD
Wisconsin Rapids Rangers batting - Pitching for Barry's Bay Orioles : LHP Ben Turner
Batting: LHB George Smith 0-0: Called Strike
0-1: Foul Ball, location: 2F
0-2: Ball
1-2: Ball
2-2: Foul Ball, location: 2F
2-2: DOUBLE (Groundball, 5L)
Batting: LHB Ramón Córdova 0-0: Ball
1-0: Swinging Strike
1-1: Ball
2-1: Ball
3-1: Base on Balls
Batting: RHB Troy Reed 0-0: Called Strike
0-1: Ball
1-1: Swinging Strike
1-2: Ball
2-2: Strikes out swinging
Batting: RHB Andrés Bustamante 0-0: Ball
1-0: Foul Ball, location: 2F
1-1: Ball
2-1: Foul Ball, location: 2F
2-2: Ball
3-2: Base on Balls
George Smith to third
Ramón Córdova to second
Batting: RHB Dick Slagboom 0-0: Ball
1-0: Called Strike
1-1: Foul Ball, location: 2F
1-2: Foul Ball, location: 2F
1-2: Ball
2-2: Foul Ball, location: 2F
2-2: Foul Ball, location: 2F
2-2: Ball
3-2: Base on Balls
George Smith scores
Ramón Córdova to third
Andrés Bustamante to second
Batting: SHB Ricardo Arévalo 0-0: Called Strike
0-1: Called Strike
0-2: Foul Ball, location: 2F
0-2: Fly out, F8 (Flyball, 8LXD)
Runner from 3rd tags up, SCORES, no throw
Batting: SHB José González 0-0: Ball
1-0: Ball
2-0: Called Strike
2-1: Foul Ball, location: 2F
2-2: Hit by Pitch
Andrés Bustamante to third
Dick Slagboom to second
Batting: RHB Juan García 0-0: Called Strike
0-1: Ball
1-1: Ball
2-1: SINGLE (Groundball, 6MD)
Andrés Bustamante scores
Dick Slagboom to third
José González to second
Runner from 3rd tries for Home, SAFE, no throw or cutoff
Batting: RHB Hunter Plunket 0-0: Swinging Strike
Passed Ball!
José González to third
Juan García to second
0-1: Ground out 3-1 (Groundball, 34)
Bottom of the 3rd over - 4 run(s), 2 hit(s), 0 error(s), 2 left on base; Barry's Bay 2 - Wisconsin Rapids 4
TOP OF THE 4TH
Barry's Bay Orioles batting - Pitching for Wisconsin Rapids Rangers : RHP Carl Willis
Batting: RHB Jesús Villalobos 0-0: Called Strike
0-1: SINGLE (Line Drive, 78M)
Batting: LHB Howard Evans 0-0: Ground out 4-3 (Groundball, 4M)
Jesús Villalobos to second
Batting: LHB Carlos Romero 0-0: Ball
1-0: Ball
2-0: Ball
3-0: Base on Balls
Batting: SHB Walt Simmons 0-0: Swinging Strike
0-1: Foul Ball, location: 2F
0-2: SINGLE (Groundball, 5D)
Jesús Villalobos to third
Carlos Romero to second
Runner from 3rd tries for Home, SAFE, no throw or cutoff
Batting: LHB José Rodríguez 0-0: Ball
1-0: SINGLE (Groundball, 23) (infield hit)
Carlos Romero to third
Walt Simmons to second
Batting: RHB Jeremy Flemming 0-0: Called Strike
0-1: Ball
1-1: Foul Ball, location: 2F
1-2: Ball
2-2: Ball
Wild Pitch!
Carlos Romero scores
Walt Simmons to third
José Rodríguez to second
3-2: Intentional Walk
Batting: RHB Sergio Solíz 0-0: Foul Ball, location: 2F
0-1: Ball
1-1: Foul Ball, location: 2F
1-2: Strikes out looking
Batting: RHB Tommy Wilson 0-0: Called Strike
0-1: Ball
1-1: Foul Ball, location: 2F
1-2: Hit by Pitch
Walt Simmons scores
José Rodríguez to third
Jeremy Flemming to second
Batting: RHB Guy Morrison 0-0: Called Strike
0-1: Ball
1-1: Ball
2-1: Called Strike
2-2: Ball
3-2: Strikes out swinging
Top of the 4th over - 3 run(s), 3 hit(s), 0 error(s), 3 left on base; Barry's Bay 5 - Wisconsin Rapids 4
BOTTOM OF THE 4TH
Wisconsin Rapids Rangers batting - Pitching for Barry's Bay Orioles : LHP Ben Turner
Batting: LHB George Smith 0-0: SINGLE (Line Drive, 56D)
Batting: LHB Ramón Córdova 0-0: Ball
1-0: Called Strike
1-1: Foul Ball, location: 2F
1-2: Ball
2-2: Foul Ball, location: 2F
2-2: Ball
3-2: Foul Ball, location: 2F
3-2: Strikes out looking
Pitching: LHP Zack González
Batting: RHB Troy Reed 0-0: Ball
1-0: Swinging Strike
1-1: Ball
2-1: Swinging Strike
2-2: Foul Ball, location: 2F
2-2: Ground out 5-3 (Groundball, 56S)
George Smith to second
Batting: RHB Andrés Bustamante 0-0: Called Strike
0-1: Ball
1-1: Called Strike
1-2: Foul Ball, location: 2F
1-2: Ball
2-2: Strikes out swinging
Bottom of the 4th over - 0 run(s), 1 hit(s), 0 error(s), 1 left on base; Barry's Bay 5 - Wisconsin Rapids 4
TOP OF THE 5TH
Barry's Bay Orioles batting - Pitching for Wisconsin Rapids Rangers : RHP Carl Willis
Batting: RHB Jesús Villalobos 0-0: Foul Ball, location: 2F
0-1: Ball
1-1: Ball
2-1: Ball
3-1: Called Strike
3-2: Strikes out swinging
Batting: LHB Howard Evans 0-0: Ball
1-0: Swinging Strike
1-1: SINGLE (Line Drive, 8RS)
Batting: LHB Carlos Romero 0-0: Ball
1-0: Grounds into double play, 4-6-3 (Groundball, 4)
Top of the 5th over - 0 run(s), 1 hit(s), 0 error(s), 0 left on base; Barry's Bay 5 - Wisconsin Rapids 4
BOTTOM OF THE 5TH
Wisconsin Rapids Rangers batting - Pitching for Barry's Bay Orioles : LHP Zack González
Batting: RHB Dick Slagboom 0-0: Ball
1-0: Called Strike
1-1: Swinging Strike
1-2: Foul Ball, location: 2F
1-2: Strikes out swinging
Batting: SHB Ricardo Arévalo 0-0: Foul Ball, location: 2F
0-1: Ball
1-1: Ball
2-1: Called Strike
2-2: Ball
3-2: Ground out 5-3 (Groundball, 5S)
Batting: SHB José González 0-0: Called Strike
0-1: Ground out 4-3 (Groundball, 4M)
Bottom of the 5th over - 0 run(s), 0 hit(s), 0 error(s), 0 left on base; Barry's Bay 5 - Wisconsin Rapids 4
TOP OF THE 6TH
Barry's Bay Orioles batting - Pitching for Wisconsin Rapids Rangers : RHP Carl Willis
Pitching: RHP Jesús Martínez
Batting: SHB Walt Simmons 0-0: Foul Ball, location: 2F
0-1: Called Strike
0-2: Foul Ball, location: 2F
0-2: SOLO HOME RUN (Flyball, 9D), Distance : 349 ft
Batting: LHB José Rodríguez 0-0: Foul Ball, location: 2F
0-1: Fly out, F8 (Flyball, 8RS)
Batting: RHB Jeremy Flemming 0-0: Called Strike
0-1: Ball
1-1: Ground out 6-3 (Groundball, 6M)
Batting: RHB Sergio Solíz 0-0: Called Strike
0-1: Foul Ball, location: 2F
0-2: Strikes out swinging
Top of the 6th over - 1 run(s), 1 hit(s), 0 error(s), 0 left on base; Barry's Bay 6 - Wisconsin Rapids 4
BOTTOM OF THE 6TH
Wisconsin Rapids Rangers batting - Pitching for Barry's Bay Orioles : LHP Zack González
Batting: RHB Juan García 0-0: Fly out, F8 (Flyball, 89M)
Batting: RHB Hunter Plunket 0-0: Swinging Strike
0-1: Ball
1-1: Fly out, F9 (Line Drive, 89M)
Batting: LHB George Smith 0-0: Ball
1-0: Ball
2-0: Called Strike
2-1: Foul Ball, location: 2F
2-2: Foul Ball, location: 2F
2-2: Strikes out swinging
Bottom of the 6th over - 0 run(s), 0 hit(s), 0 error(s), 0 left on base; Barry's Bay 6 - Wisconsin Rapids 4
TOP OF THE 7TH
Barry's Bay Orioles batting - Pitching for Wisconsin Rapids Rangers : RHP Jesús Martínez
Batting: RHB Tommy Wilson 0-0: Called Strike
0-1: SOLO HOME RUN (Flyball, 9LD), Distance : 328 ft
Batting: RHB Guy Morrison 0-0: Ground out 6-3 (Groundball, 6)
Batting: RHB Jesús Villalobos 0-0: Ball
1-0: Ball
2-0: Called Strike
2-1: Ball
3-1: Foul Ball, location: 2F
3-2: Strikes out swinging
Batting: LHB Howard Evans 0-0: Called Strike
0-1: Foul Ball, location: 2F
0-2: Strikes out swinging
Top of the 7th over - 1 run(s), 1 hit(s), 0 error(s), 0 left on base; Barry's Bay 7 - Wisconsin Rapids 4
BOTTOM OF THE 7TH
Wisconsin Rapids Rangers batting - Pitching for Barry's Bay Orioles : LHP Zack González
Batting: LHB Ramón Córdova 0-0: Called Strike
0-1: Ball
1-1: Ball
2-1: Fly out, F7 (Popup, 8LS)
Pitching: RHP Tim Osborne
Batting: RHB Troy Reed 0-0: Ball
1-0: Ball
2-0: Called Strike
2-1: SINGLE (Groundball, 4M)
Batting: RHB Andrés Bustamante 0-0: Ball
1-0: Ball
2-0: Foul Ball, location: 2F
2-1: Called Strike
2-2: Fly out, F9 (Flyball, 9M)
Batting: RHB Dick Slagboom 0-0: Ball
Troy Reed is caught stealing 2nd base
Bottom of the 7th over - 0 run(s), 1 hit(s), 0 error(s), 0 left on base; Barry's Bay 7 - Wisconsin Rapids 4
TOP OF THE 8TH
Barry's Bay Orioles batting - Pitching for Wisconsin Rapids Rangers : RHP Jesús Martínez
Batting: LHB Carlos Romero 0-0: Ball
1-0: Ball
2-0: Ball
3-0: Foul Ball, location: 2F
3-1: Base on Balls
Batting: SHB Walt Simmons 0-0: Swinging Strike
0-1: Called Strike
0-2: Ball
1-2: Strikes out swinging
Batting: LHB José Rodríguez 0-0: Ball
1-0: Ball
2-0: Ball
Pickoff Throw to First - Out!
3-0: Called Strike
3-1: Base on Balls
Batting: RHB Jeremy Flemming 0-0: Foul Ball, location: 2F
0-1: Fly out, F7 (Flyball, 78M)
Top of the 8th over - 0 run(s), 0 hit(s), 0 error(s), 1 left on base; Barry's Bay 7 - Wisconsin Rapids 4
BOTTOM OF THE 8TH
Wisconsin Rapids Rangers batting - Pitching for Barry's Bay Orioles : RHP Tim Osborne
Now at SS: Luis Flores
Batting: RHB Dick Slagboom 0-0: Swinging Strike
0-1: Fly out, F3 (Popup, 3F)
Batting: SHB Ricardo Arévalo 0-0: SINGLE (Line Drive, 3D)
Pitching: RHP Artie Hall
Batting: SHB José González 0-0: Ball
1-0: Ball
2-0: Ball
3-0: Base on Balls
Ricardo Arévalo to second
Batting: RHB Juan García 0-0: Ball
1-0: DOUBLE (Flyball, 8RM)
Ricardo Arévalo scores
José González to third
Pinch Hitting: RHB Pedro Ramírez 0-0: Ball
1-0: Foul Ball, location: 2F
1-1: Foul Ball, location: 2F
1-2: Ball
2-2: Strikes out swinging
Batting: LHB George Smith 0-0: Foul Ball, location: 2F
0-1: Ball
1-1: Ground out 4-3 (Groundball, 4M)
Bottom of the 8th over - 1 run(s), 2 hit(s), 0 error(s), 2 left on base; Barry's Bay 7 - Wisconsin Rapids 5
TOP OF THE 9TH
Barry's Bay Orioles batting - Pitching for Wisconsin Rapids Rangers : RHP Jesús Martínez
Pitching: LHP Ben Reyes
Now in CF: Pedro Ramírez
Batting: RHB Luis Flores 0-0: Called Strike
0-1: Ground out 4-3 (Groundball, 4M)
Batting: RHB Tommy Wilson 0-0: Called Strike
0-1: Ball
1-1: Ball
2-1: SINGLE (Groundball, 56D)
Batting: RHB Guy Morrison 0-0: Foul Ball, location: 2F
0-1: SINGLE (Flyball, 7S)
Tommy Wilson to second
Pinch Hitting: RHB Brian Parks 0-0: SINGLE (Line Drive, 78S)
Tommy Wilson to third
Guy Morrison to second
Pinch Hitting: RHB Félix Quintero 0-0: Called Strike
0-1: Ball
1-1: Ball
2-1: SINGLE (Flyball, 78S)
Tommy Wilson scores
Guy Morrison to third
Brian Parks to second
Pinch Hitting: RHB Tom Hughes 0-0: Ball
1-0: Ball
2-0: Swinging Strike
2-1: Called Strike
2-2: Ball
3-2: Strikes out looking
Batting: SHB Walt Simmons 0-0: Ball
1-0: Ball
2-0: Ball
3-0: Base on Balls
Guy Morrison scores
Brian Parks to third
Félix Quintero to second
Pitching: RHP Jesús Sánchez
Batting: LHB José Rodríguez 0-0: Called Strike
0-1: Called Strike
0-2: Ball
1-2: Strikes out looking
Top of the 9th over - 2 run(s), 4 hit(s), 0 error(s), 3 left on base; Barry's Bay 9 - Wisconsin Rapids 5
BOTTOM OF THE 9TH
Wisconsin Rapids Rangers batting - Pitching for Barry's Bay Orioles : RHP Artie Hall
Now at 2B: Tom Hughes
Now at 3B: Manuel Pérez
Now at SS: Rob Schmidt
Batting: LHB Ramón Córdova 0-0: Ball
1-0: Called Strike
1-1: Ball
2-1: Foul Ball, location: 2F
2-2: SINGLE (Groundball, 6MD)
Batting: RHB Troy Reed 0-0: Ball
1-0: Swinging Strike
1-1: Ball
2-1: Ball
3-1: Foul Ball, location: 2F
3-2: Base on Balls
Ramón Córdova to second
Pitching: RHP Alfredo López
Batting: RHB Andrés Bustamante 0-0: Ball
1-0: Called Strike
1-1: Foul Ball, location: 2F
1-2: Ball
2-2: Ball
3-2: Base on Balls
Ramón Córdova to third
Troy Reed to second
Batting: RHB Dick Slagboom 0-0: Foul Ball, location: 2F
0-1: Ball
1-1: Fly out, F8 (Flyball, 8RXD)
Runner from 3rd tags up, SCORES, no throw
Batting: SHB Ricardo Arévalo 0-0: Ball
1-0: SINGLE (Line Drive, 8LS)
Troy Reed to third
Andrés Bustamante to second
Pinch Hitting: LHB Luis Rodríguez 0-0: Fly out, F5 (Popup, 5F)
Batting: RHB Juan García 0-0: Ball
1-0: Ground out 1-3 (Groundball, 13S)
Bottom of the 9th over - 1 run(s), 2 hit(s), 0 error(s), 3 left on base; Barry's Bay 9 - Wisconsin Rapids 6
This league is powered by Out of the Park Baseball, the baseball management simulation game for PC, Mac and Linux
Tuesday, August 2nd, 2016 - OOTP Baseball 16.8 Build 38